 Dungeon Crawl Stone Soup version 0.30-a0-424-g7412bad402 (webtiles) character file.

Game seed: 17845359596893073709

3194 McMuffin the Caller (level 9, -4/65 HPs)
             Began as a Demonspawn Wanderer on Dec 9, 2022.
             Slain by a blink frog (6 damage)
             ... in a bailey.
             The game lasted 00:57:28 (6590 turns).

McMuffin the Caller (Demonspawn Wanderer)           Turns: 6590, Time: 00:57:29

Health: -4/65      AC: 12    Str: 28    XL:     9   Next: 64%
Magic:  16/16      EV:  8    Int: 12    God:
Gold:   213        SH:  4    Dex:  9    Spells: 13/17 levels left

rFire   . . .      SeeInvis .    v - +2 broad axe (vorpal)
rCold   + . .      Faith    .    i - orb {*channel}
rNeg    . . .      Spirit   .    p - +0 plate armour
rPois   +          Reflect  .    (helmet restricted)
rElec   .          Harm     .    (no cloak)
rCorr   .          Rampage  .    (no gloves)
Will    .....                    (no boots)
Stlth   ..........               (no amulet)
HPRegen 0.30/turn                q - ring "Qyodwemu" {rPois rC+}
MPRegen 0.15/turn                B - +6 ring of strength

@: hasted, very quick
A: antennae 1, spiny 3, condensation shield
a: no special abilities


You were in a bailey.
You visited 2 branches of the dungeon, and saw 8 of its levels.
You also visited: Bailey.

You collected 235 gold pieces.
You spent 22 gold pieces at shops.

Inventory:

Hand Weapons
 a - a +0 mace
 v - a +2 vorpal broad axe (weapon)
 x - a +3 war axe of protection
 A - the +3 short sword of Nupamut {freeze, rElec rPois Int+4 Dex-4}
   (You found it on level 3 of the Dungeon)

   It freezes those it strikes, dealing additional cold damage.
   It can also slow down cold-blooded creatures.
   Int:       It affects your intelligence (+4).
   Dex:       It affects your dexterity (-4).
   rElec:     It insulates you from electricity.
   rPois:     It protects you from poison.
Missiles
 c - a boomerang
 F - 12 poisoned darts
Armour
 d - a +0 leather armour
 f - a +0 ring mail
 i - an orb of energy (worn)
 p - a +0 plate armour (worn)
 t - the +1 scale mail of the Cobbler {Will+ Stlth+}
   (You found it on level 3 of the Dungeon)

   Will:      It increases your willpower.
   Stlth:     It makes you more stealthy.
 y - a +3 leather armour of willpower
Jewellery
 h - a +6 ring of strength
 q - the ring "Qyodwemu" (left hand) {rPois rC+}
   (You found it on level 3 of the Dungeon)

   [ring of poison resistance]

   rC:        It protects you from cold.
   rPois:     It protects you from poison.
 B - a +6 ring of strength (right hand)
 C - a ring of ice
Wands
 b - a wand of flame (34)
 m - a wand of polymorph (14)
Scrolls
 o - a scroll of brand weapon
 s - a scroll of amnesia
 u - a scroll of torment
 w - 7 scrolls of vulnerability
Potions
 e - a potion of degeneration
 g - a potion of cancellation
 j - a potion of flight
 k - a potion of curing
 n - a potion of ambrosia
 r - a potion of attraction {unknown}
 z - a potion of lignification
 D - a potion of berserk rage {unknown}


   Skills:
 + Level 3.7 Fighting
 + Level 6.1(6.5) Axes
 + Level 3.0(5.0) Maces & Flails
 + Level 5.5 Armour
 + Level 2.0 Dodging
 + Level 1.2 Stealth
 + Level 2.2 Shields
 + Level 4.9 Spellcasting
 + Level 7.0 Summonings
 + Level 1.0 Evocations


You had 13 spell levels left.
You knew the following spells:

 Your Spells              Type           Power      Damage    Failure   Level
a - Summon Small Mammal   Summ           76%        N/A       12%         1
b - Call Canine Familiar  Summ           19%        N/A       34%         3

Your spell library contained the following spells:

 Spells                   Type           Power      Damage    Failure   Level
 Cigotuvi's Dreadful Rot  Necr/Pois/Air  4%         N/A       97%         2
 Poisonous Vapours        Pois/Air       4%         N/A       97%         2
 Summon Ice Beast         Ice/Summ       11%        N/A       99%         4
 Dazzling Flash           Conj/Hex       4%         N/A       100%        3
 Mephitic Cloud           Conj/Pois/Air  2%         N/A       100%        3
 Iskenderun's Mystic Bla  Conj/Tloc      2%         2d3       100%        4
 Starburst                Conj/Fire      1%         6d3       100%        6


Dungeon Overview and Level Annotations

Branches:
Dungeon (7/15)             Temple (1/1) D:5          Bailey (1/1)

Altars:
Dithmenos
Fedhas
Hepliaklqana
Kikubaaqudgha
Makhleb
Nemelex Xobeh
Okawaru
Qazlal
Ru
Uskayaw
Vehumet
Xom
Yredelemnul

Shops:
D:1 *=[!!   D:6 [


Innate Abilities, Weirdness & Mutations

You have a pair of small antennae on your head.
You are completely covered in sharp spines.
A meltable shield of frost defends you. (SH +4)


Message History

There is an open door here.
You open the door.
A blink frog and a vault guard come into view.
The vault guard shouts!
The blink frog blinks!
Found four items.
Found a gate leading back out of this place.
This is a scroll of acquirement!
Something appears at your feet!
Okay, then.
v - a +2 vorpal broad axe Your +3 war axe of protection goes still.
v - a +2 vorpal broad axe (weapon)
You feel yourself speed up.
Found 15 gold pieces, a puce potion and a scroll of brand weapon.
The blink frog hits you!
There is an open door, spattered with blood here.
You hit the blink frog.
The blink frog is lightly wounded.
You closely miss the vault guard.
The vault guard is struck by your spines.
The vault guard hits you with a +0 broad axe!
The blink frog hits you but does no damage.
You miss the blink frog.
The blink frog is lightly wounded.
You hit the vault guard.
The blink frog hits you but does no damage.
The vault guard hits you with a +0 broad axe!!
* * * LOW HITPOINT WARNING * * *
You hit the blink frog.
The blink frog is lightly wounded.
You barely miss the vault guard.
The blink frog blinks!
The vault guard hits you with a +0 broad axe!
* * * LOW HITPOINT WARNING * * *
Unknown command.
Okay, then.
The blink frog blinks!
The blink frog is struck by your spines.
The blink frog hits you.
You die...

∩..+ ####### ...######
###≈≈≈≈≈###
∩..')...#+##≈≈~~~~~≈≈##
..##).....#≈~~~~~~~~~≈##
###.).....##≈~~~~~~~~~≈#
#...#######≈~.~..~..~#######
#..##..#≈≈≈~....~.~.##....!#
#...#..#.......F.~..#.....[?
#...#†)'..~~~~.@..§p'..∩...$
##..†.)#~~≈≈≈≈~~....#.....?!
##....#≈≈####≈≈~...##....?#
######### ###≈~..~#######
##≈.~~~# #≈.~~## #≈.~##
+.###


You could see a vault guard and a blink frog.

Vanquished Creatures
  A hornet (D:6)
  Prince Ribbit (D:5)
  A shadow (D:7)
  A wyvern (D:6)
  5 humans (Bailey)
  An ice beast (D:6)
  A hornet zombie (D:7)
  A black bear (D:4)
  An ogre (D:6)
  A phantom (D:5)
  A kobold brigand (D:6)
  5 bullfrogs (Bailey)
  2 scorpions (D:5)
  2 wights (D:7)
  A jelly (D:5)
  An orc priest (D:6)
  3 hounds
  A gnoll bouda (D:6)
  2 iguanas (D:6)
  3 orc wizards (D:3)
  A killer bee zombie (D:7)
  17 gnolls
  10 adders
  A nameless horror (D:4)
  4 shadow imps
  2 white imps (D:5)
  2 ufetubi (D:6)
  3 worms
  2 dart slugs
  14 orcs
  9 bats
  10 endoplasms
  4 giant cockroaches
  7 goblins
  10 hobgoblins
  4 jackals
  6 quokkas
  6 ball pythons
  4 frilled lizards
  15 kobolds
  6 rats
172 creatures vanquished.

Vanquished Creatures (collateral kills)
  3 orcs (D:3)
  A ball python (D:1)
  An endoplasm (D:1)
  2 goblins
  2 jackals (D:1)
  A quokka (D:2)
  4 kobolds
  2 rats (D:1)
16 creatures vanquished.

Vanquished Creatures (others)
  A withered plant (D:7)
1 creature vanquished.

Grand Total: 189 creatures vanquished

Notes
Turn   | Place    | Note
-------+----------+-------------------------------------------
     0 | D:1      | McMuffin the Demonspawn Wanderer began the quest for the
                  | Orb.
     0 | D:1      | McMuffin set off with the following items: a +0 mace, a
                  | wand of flame (3), a scroll of blinking, a +0 leather
                  | armour; and the following spell memorised: Summon Small
                  | Mammal; and the following spells available to memorise:
                  | Call Canine Familiar, Summon Ice Beast.
     0 | D:1      | Reached XP level 1. HP: 15/15 MP: 2/2
   141 | D:1      | Gained mutation: You are partially covered in sharp spines.
                  | [demonic ancestry]
   141 | D:1      | Reached XP level 2. HP: 21/21 MP: 1/3
   167 | D:1      | Found Entanumakh's Distillery.
   194 | D:1      | Found Qatyur's Antique Armour Emporium.
   214 | D:1      | Found Gokemig's Jewellery Shoppe.
   255 | D:1      | Found Fuyreas's Distillery.
   338 | D:1      | Gained mutation: You are mostly covered in sharp spines.
                  | [demonic ancestry]
   338 | D:1      | Reached XP level 3. HP: 25/26 MP: 2/4
   361 | D:1      | Found Ucoggin's General Store.
   380 | D:1      | Bought a scroll of identify for 22 gold pieces
  1021 | D:2      | Reached XP level 4. HP: 31/32 MP: 6/6
  1677 | D:3      | Reached skill level 5 in Summonings
  1685 | D:3      | Reached skill level 1 in Armour
  1702 | D:3      | Identified the ring "Qyodwemu" {rPois rC+}
  1736 | D:3      | Reached XP level 5. HP: 37/37 MP: 3/7
  1757 | D:3      | Identified the +1 scale mail of the Cobbler {Will+ Stlth+}
  1792 | D:3      | Learned a level 3 spell: Call Canine Familiar
  2130 | D:3      | Identified the +3 short sword of Nupamut {freeze, rElec
                  | rPois Int+4 Dex-4}
  2491 | D:3      | Gained mutation: You have a pair of small antennae on your
                  | head. [demonic ancestry]
  2491 | D:3      | Reached XP level 6. HP: 30/43 MP: 3/9
  2566 | D:3      | Found a faded altar of an unknown god.
  2901 | D:4      | You fall into a shaft and drop 2 floors!
  2913 | D:5      | Entered Level 5 of the Dungeon
  2980 | D:4      | Reached skill level 1 in Axes
  3146 | D:4      | Found a basalt altar of Yredelemnul.
  3208 | D:4      | Gained mutation: A meltable shield of frost defends you.
                  | (SH +4) [demonic ancestry]
  3208 | D:4      | Reached XP level 7. HP: 28/48 MP: 11/11
  3635 | D:4      | Found a hazy altar of Hepliaklqana.
  3701 | D:4      | Found a blossoming altar of Fedhas.
  3809 | D:5      | Found a staircase to the Ecumenical Temple.
  3876 | Temple   | Entered the Ecumenical Temple
  4110 | D:5      | Noticed Prince Ribbit
  4132 | D:5      | Killed Prince Ribbit
  4133 | D:5      | Reached skill level 6 in Summonings
  4469 | D:6      | Found a radiant altar of Vehumet.
  4596 | D:6      | Gained mutation: You are completely covered in sharp
                  | spines. [demonic ancestry]
  4596 | D:6      | Reached XP level 8. HP: 56/56 MP: 13/13
  4672 | D:6      | Found Zed Waog's Antique Armour Boutique.
  4744 | D:6      | Reached skill level 1 in Stealth
  5107 | D:6      | Reached skill level 1 in Shields
  5386 | D:6      | Noticed a hornet
  5397 | D:6      | Killed a hornet
  5564 | D:6      | Reached skill level 5 in Axes
  6041 | D:7      | Reached XP level 9. HP: 42/62 MP: 11/15
  6118 | D:7      | Found a flagged portal.
  6133 | Bailey   | Entered a bailey
  6326 | Bailey   | Reached skill level 5 in Armour
  6413 | Bailey   | Reached skill level 7 in Summonings
  6577 | Bailey   | Noticed a vault guard
  6578 | Bailey   | Identified a scroll of acquirement
  6578 | Bailey   | Acquired a +2 vorpal broad axe
  6585 | Bailey   | HP: 1/65 [vault guard/+0 broad axe (14)]
  6590 | Bailey   | Slain by a blink frog

Illustrated notes

Levels and vault maps discovered:
D:1:      dpeg_arrival_long_road, layout_rooms, serial_shops,
          nicolae_shop_trees, shop, nicolae_square_shop, nicolae_diamond_shop,
          nicolae_square_shop
D:2:      layout_basic
D:3:      layout_loops_corners, trog_book, led_sif_book,
          ebering_ecumenical_altar_sacrificial, minmay_starry_boxes
D:4:      layout_gridville, mainiacjoe_overflow_24_doors,
          mainiacjoe_overflow_two_lobes, mainiacjoe_overflow_chevrons
D:5:      layout_rooms, minmay_temple_entry_statues, lemuel_flamethrower_1,
          uniq_prince_ribbit1
D:6:      minmay_evil_eye, layout_loops_corners,
          mainiacjoe_overflow_cross_hatched, serial_co_window_serial,
          co_window_corner_a, co_window_of_opportunity_a,
          co_window_of_opportunity_a, co_window_paths_a, co_window_corner_a,
          co_window_paths_b, co_window_of_opportunity_b, co_window_cross_2,
          co_window_2corner, co_window_paths_d, co_window_4corner_a,
          glass_columns_a, glass_columns_a, glass_columns_a, serial_shops, shop
D:7:      layout_cave_pods, slow_altar_2, serial_undead, serial_undead_d,
          serial_undead_c, serial_undead_f, serial_undead_a, serial_undead_c,
          serial_undead_a, enter_bailey_5
Temple:   cyrus_temple_forest
Bailey:   bailey_axe_froggy_fort_hellmonk, bailey

Skill      XL: |  1  2  3  4  5  6  7  8  9 |
---------------+----------------------------+-----
Maces & Flails | 2 3 |  3.0
Summonings     | 5 6 7 |  7.0
Armour         | 1 2 3 4 5 |  5.5
Spellcasting   | 2 3 4 |  4.9
Axes           | 1 3 5 6 |  6.1
Fighting       | 2 3 |  3.7
Stealth        | 1 |  1.2
Shields        | 1 2 |  2.2
Dodging        | 2 |  2.0
Evocations     | |  1.0

Action                   |  1- 3 |  4- 6 |  7- 9 || total
-------------------------+-------+-------+-------++-------
Melee: Mace              |    48 |    50 |       ||    98
       War axe           |       |    34 |   177 ||   211
       Broad axe         |       |       |     3 ||     3
 Cast: Summon Small Mamm |    20 |    30 |    18 ||    68
       Call Canine Famil |       |     5 |     3 ||     8
  Use: Scroll            |       |    15 |     9 ||    24
       Potion            |       |       |     1 ||     1
 Stab: Distracted        |     1 |     1 |       ||     2
Armor: Ring mail         |    20 |    10 |       ||    30
       Scale mail        |       |    22 |     8 ||    30
       Plate armour      |       |       |    91 ||    91
Dodge: Dodged            |    28 |    51 |    63 ||   142
Block: Orb               |       |       |    42 ||    42

Table legend: (Time is in decaauts)
 A = Elapsed time spent in this place.
 B = Non-inter-level travel time spent in this place.
 C = Inter-level travel time spent in this place.
 D = Time resting spent in this place.
 E = Time spent auto-exploring this place.
 F = Levels seen in this place.
 G = Mean time per level.
                   A        B        C        D        E       F      G
               +--------+--------+--------+--------+--------+-----+--------+
         Total |   6672 |   6521 |    151 |    867 |      0 |   9 |  741.3 |
       Dungeon |   6069 |   5918 |    151 |    514 |      0 |   7 |  867.0 |
        Temple |    140 |    140 |      0 |      0 |      0 |   1 |  140.0 |
        Bailey |    462 |    462 |      0 |    353 |      0 |   1 |  462.0 |
               +--------+--------+--------+--------+--------+-----+--------+

Top non-repeatable levels by time:
     D:6: 1339 daAuts
     D:3: 1252 daAuts
     D:2: 1024 daAuts
     D:4: 874 daAuts
     D:1: 657 daAuts
     D:5: 552 daAuts
  Bailey: 462 daAuts
     D:7: 370 daAuts
  Temple: 140 daAuts
